 Dungeon Crawl Stone Soup version 0.22-a0-346-ga714374 (webtiles) character file.

51 xccam the Fighter (level 3, -1/38 HPs)
             Began as a Gnoll Wanderer on Apr 6, 2018.
             Slain by an orc
             ... wielding a +0 dagger
              (2 damage)
             ... on level 3 of the Dungeon.
             The game lasted 00:03:32 (1843 turns).

xccam the Fighter (Gnoll Wanderer)                  Turns: 1843, Time: 00:03:33

Health: -1/38      AC:  9    Str: 17    XL:     3   Next: 81%
Magic:  4/4        EV: 10    Int: 11    God:
Gold:   77         SH:  0    Dex: 15    Spells: 3/3 levels left

rFire    . . .     SeeInvis .   c - +0 hand axe
rCold    . . .     Gourm    .   (no shield)
rNeg     . . .     Faith    .   a - +2 scale mail
rPois    .         Spirit   .   (no helmet)
rElec    .         Reflect  .   (no cloak)
rCorr    .         Harm     .   (no gloves)
MR       .....                  (no boots)
Stlth    ..........             (no amulet)
HPRegen  0.12/turn              (no ring)
MPRegen  0.09/turn              (no ring)

@: lethally poisoned (-1 -> -4)
A: distributed training, fangs 1, strong nose
a: no special abilities


You were on level 3 of the Dungeon.
You were hungry.

You visited 1 branch of the dungeon, and saw 3 of its levels.

You collected 77 gold pieces.

Inventory:

Hand Weapons
 b - a +0 falchion
 c - a +0 hand axe (weapon)
Armour
 a - a +2 scale mail (worn)
Jewellery
 o - an uncursed ring of poison resistance {unknown}
Scrolls
 e - 2 scrolls of identify {unknown}
 f - 2 scrolls of amnesia {unknown}
 g - a scroll of remove curse {unknown}
 j - a scroll of fog {unknown}
 n - a scroll of blinking {unknown}
 q - a scroll of fear {unknown}
Potions
 h - a potion of might {unknown}
 i - a potion of flight {unknown}
 k - a potion of haste {unknown}
 l - a potion of resistance {unknown}
 m - 2 potions of heal wounds {unknown}
 p - a potion of brilliance {unknown}
 r - a potion of lignification {unknown}
Comestibles
 d - 6 rations


   Skills:
 + Level 8.5 Fighting
 + Level 0.9 Short Blades
 + Level 0.9 Long Blades
 + Level 2.6 Axes
 + Level 0.9 Maces & Flails
 + Level 0.9 Polearms
 + Level 0.9 Staves
 + Level 0.9 Slings
 + Level 0.9 Bows
 + Level 0.9 Crossbows
 + Level 0.9 Throwing
 + Level 6.5 Armour
 + Level 0.9 Dodging
 + Level 0.9 Stealth
 + Level 4.5 Shields
 + Level 0.9 Unarmed Combat
 + Level 0.9 Spellcasting
 + Level 0.6 Conjurations
 + Level 0.6 Hexes
 + Level 0.6 Charms
 + Level 0.6 Summonings
 + Level 0.6 Necromancy
 + Level 0.6 Translocations
 + Level 0.6 Transmutations
 + Level 0.6 Fire Magic
 + Level 0.6 Ice Magic
 + Level 0.6 Air Magic
 + Level 0.6 Earth Magic
 + Level 0.6 Poison Magic
 + Level 1.0 Invocations
 + Level 0.9 Evocations


You had 3 spell levels left.
You didn't know any spells.

Dungeon Overview and Level Annotations

Branches:
Dungeon (3/15)

Altars:
Ashenzari
Makhleb
Sif Muna
Wu Jian


Innate Abilities, Weirdness & Mutations

Your experience applies equally to all skills.
You have very sharp teeth.
Your uncanny sense of smell can sniff out nearby items.


Message History

You hit the orc but do no damage. You hit the orc priest.
You hit the orc but do no damage.
The orc priest hits you but does no damage.
The orc closely misses you. The adder bites you but does no damage.
The orc closely misses you.
You hit the adder.
The adder is almost dead.
You hit the orc but do no damage. You closely miss the orc priest.
You hit the orc but do no damage. The adder bites you.
You are poisoned.
The adder poisons you! The orc priest barely misses you.
The orc hits you with a dagger.
* * * LOW HITPOINT WARNING * * *
The orc hits you but does no damage. The adder bites you but does no damage.
The orc hits you but does no damage.
The orc priest mumbles some strange prayers to Beogh against you.
Beogh smites you!
* * * LOW HITPOINT WARNING * * *
The orc hits you with a dagger.
You die...

#..........###.
#.................
............. ...
...........# ....
#..........# .....
#.....<...##....
####......#o.#
#.....oSo#
###.#.@#.#
#.##oo....#
#.#...###..# ∆
....... ..
#...#..# . ....
#.. .###. ### .#
#(


You could see an orc priest, an adder and 4 orcs.

Vanquished Creatures
  A gnoll (D:1)
  A worm (D:2)
  2 dart slugs
  3 giant cockroaches
  4 goblins
  6 hobgoblins (D:1)
  6 bats
  5 kobolds
  3 rats
31 creatures vanquished.

Notes
Turn   | Place    | Note
-------+----------+-------------------------------------------
     0 | D:1      | xccam the Gnoll Wanderer began the quest for the Orb.
     0 | D:1      | xccam set off with: a +2 scale mail, a +0 falchion, a +0 hand axe, a ration
     0 | D:1      | Reached XP level 1. HP: 26/26 MP: 1/1
   172 | D:1      | Reached XP level 2. HP: 23/33 MP: 2/2
   534 | D:1      | Reached XP level 3. HP: 38/38 MP: 3/3
  1108 | D:2      | Found an ornate altar of the Wu Jian Council.
  1115 | D:2      | Reached skill level 1 in Invocations
  1145 | D:2      | Found a shattered altar of Ashenzari.
  1297 | D:2      | Found a deep blue altar of Sif Muna.
  1627 | D:2      | Found a burning altar of Makhleb.
  1629 | D:2      | Noticed a balrug
  1843 | D:3      | HP: 1/38 [orc priest/divine providence (9)]
  1843 | D:3      | Slain by an orc

Vault maps used:
D:1:      dpeg_arrival_circle_labyrinth_a, minmay_misc_feat_rows
D:2:      lemuel_coloured_pillars_altar, old_standard_altar,
          evilmike_ruin_ashenzari, makhleb_altar_promises_db
D:3:      serial_curves, eino_curves_03, eino_curves_02,
          nicolae_ru_path_of_blood, uniq_terence

Skill      XL: |  1  2  3 |
---------------+----------+-----
Invocations    | 1 |  1.0
Fighting       | |  8.5
Short Blades   | |  0.9
Long Blades    | |  0.9
Axes           | |  2.6
Maces & Flails | |  0.9
Polearms       | |  0.9
Staves         | |  0.9
Slings         | |  0.9
Bows           | |  0.9
Crossbows      | |  0.9
Throwing       | |  0.9
Armour         | |  6.5
Dodging        | |  0.9
Stealth        | |  0.9
Shields        | |  4.5
Unarmed Combat | |  0.9
Spellcasting   | |  0.9
Conjurations   | |  0.6
Hexes          | |  0.6
Charms         | |  0.6
Summonings     | |  0.6
Necromancy     | |  0.6
Translocations | |  0.6
Transmutations | |  0.6
Fire Magic     | |  0.6
Ice Magic      | |  0.6
Air Magic      | |  0.6
Earth Magic    | |  0.6
Poison Magic   | |  0.6
Evocations     | |  0.9

Action                   || total
-------------------------++-------
Melee: Hand axe          ||    99
       Bite              ||    15
       Punch             ||     1
  Eat: Chunk             ||     2
Armor: Scale mail        ||    64
Dodge: Dodged            ||    70

Table legend:
 A = Spawn XP
 B = Non-spawn XP
 C = Spawn XP percentage of total XP
 D = Spawn monster count
 E = Non-spawn monster count
 F = Spawn count percentage of total count
 G = Total turns spent on level
                    A         B        C        D         E        F      G
               +---------+---------+-------+---------+---------+-------+---------
         Total |       0 |      73 |   0.0 |       0 |      31 |   0.0 |  1843
               +---------+---------+-------+---------+---------+-------+---------
           D:1 |       0 |      52 |   0.0 |       0 |      21 |   0.0 |  1037
           D:2 |       0 |      19 |   0.0 |       0 |       9 |   0.0 |   785
           D:3 |       0 |       2 |   0.0 |       0 |       1 |   0.0 |    21
               +---------+---------+-------+---------+---------+-------+---------
